 Dungeon Crawl Stone Soup version 0.22.1-1-ga44c0e5 (webtiles) character file.

350 Torikoriko the Bolt Thrower (level 6, -3/56 HPs)
             Began as a Deep Dwarf Hunter on Oct 21, 2018.
             Slain by an ogre
             ... wielding a +0 giant club
              (22 damage)
             ... on level 4 of the Dungeon.
             The game lasted 00:19:41 (2766 turns).

Torikoriko the Bolt Thrower (Deep Dwarf Hunter)     Turns: 2766, Time: 00:19:42

Health: -3/56      AC:  8    Str: 17    XL:     6   Next: 33%
Magic:  6/6        EV: 11    Int: 12    God:
Gold:   149        SH:  0    Dex: 13    Spells: 5/5 levels left

rFire    . . .     SeeInvis +   a - +1 hand crossbow
rCold    . . .     Gourm    .   (no shield)
rNeg     . . .     Faith    .   e - +0 ring mail (curse)
rPois    .         Spirit   .   y - +2 helmet {SInv}
rElec    .         Reflect  .   (no cloak)
rCorr    .         Harm     .   (no gloves)
MR       .....                  (no boots)
Stlth    ++........             (no amulet)
HPRegen  0.00/turn              (no ring)
MPRegen  0.10/turn              (no ring)

@: non-regenerating
A: damage resistance, heal wounds, sense surroundings 1, no regeneration
a: Heal Wounds


You were on level 4 of the Dungeon.
You were not hungry.

You visited 1 branch of the dungeon, and saw 4 of its levels.
You also visited: Sewer.

You collected 149 gold pieces.

Inventory:

Hand Weapons
 a - a +1 hand crossbow (weapon)
 b - a +0 short sword of flaming
 B - a +0 blowgun
 C - a +0 short sword
Missiles
 d - 22 bolts (quivered)
 A - 12 poisoned needles
Armour
 e - a cursed +0 ring mail (worn)
 m - a +0 helmet
 s - a +0 chain mail
 y - a +2 helmet of see invisible (worn)
 I - a +2 ring mail of fire resistance
Jewellery
 x - an uncursed ring of positive energy {unknown}
Wands
 v - a wand of digging (18)
Scrolls
 c - a scroll of enchant weapon {unknown}
 g - 2 scrolls of remove curse {unknown}
 h - a scroll of blinking {unknown}
 j - 4 scrolls of teleportation {unknown}
 l - a scroll of noise {unknown}
 o - 2 scrolls of magic mapping {unknown}
 t - a scroll of enchant armour {unknown}
 u - 3 scrolls of identify {unknown}
 E - a scroll of fear {unknown}
 F - 2 scrolls of fog {unknown}
 H - a scroll of immolation {unknown}
Potions
 i - a potion of invisibility {unknown}
 n - 2 potions of flight {unknown}
 p - 2 potions of haste {unknown}
 q - a potion of mutation {unknown}
 r - 2 potions of heal wounds {unknown}
 w - a potion of experience {unknown}
 z - a potion of magic {unknown}
 D - 2 potions of might {unknown}
 G - a potion of brilliance {unknown}
Comestibles
 f - 7 rations
 k - a chunk of flesh


   Skills:
 + Level 3.3 Fighting
 * Level 6.7 Crossbows
 - Level 2.1 Dodging
 + Level 4.2 Stealth


You had 5 spell levels left.
You didn't know any spells.
Your spell library was empty.

Dungeon Overview and Level Annotations

Branches:
Dungeon (4/15)
 Temple: D:4-7

Altars:


Innate Abilities, Weirdness & Mutations

You are resistant to damage.
You can heal yourself by infusing magical energy.
You passively map a small area around you.
You do not regenerate.


Message History

The ogre is lightly wounded.
Firing (i - inventory)
d - 24 bolts (quivered)
Press: ? - help, Shift-Dir - straight line, f/p - ogre
Aim: an ogre, wielding a giant club (lightly wounded)
You shoot a bolt. The bolt hits the ogre.
The ogre is moderately wounded.
Evoke which item? (* to show all) (? for menu, Esc to quit)
Okay, then.
Unknown command.
Press: ? - help, v - describe, . - travel
Here: an ogre, wielding a giant club (moderately wounded)
The floor.
Firing (i - inventory)
d - 23 bolts (quivered)
Press: ? - help, Shift-Dir - straight line, f/p - ogre
Aim: an ogre, wielding a giant club (moderately wounded)
You shoot a bolt.
The bolt hits the ogre but does no damage.
The ogre is moderately wounded.
The ogre hits you with a giant club!!
You die...

..#.#...........#.# *
#.#.#<......###.#.# ,
........#...###.#.####### *
###...........>..........,
,
#..........###.(#.#########
#.####...### #..#.........#
#.* .....# #..#########.# #
#..<...#
#..#.....###.#######
#,#.##...#
#..@................ # #.
...# ##O#.###.###.####### #
* #### #(#.# #.# #.# #, * *
#(#.# #.# #.# ,* , ,..#.#
#.# #.# , *, , , ....# #.#
#.# ** * ######*#.# #.# , ,
,, ,...,#.# , #.# ,


You could see an ogre.

Vanquished Creatures
  Sigmund (D:2)
  Robin (D:2)
  6 gnolls
  A river rat (D:3)
  3 adders
  2 worms
  A leopard gecko (D:1)
  An orc (D:3)
  4 bats
  4 giant cockroaches
  14 goblins
  8 hobgoblins
  4 jackals (Sewer)
  3 quokkas
  5 ball pythons
  5 frilled lizards
  11 kobolds
  16 rats
  5 plants (Sewer)
95 creatures vanquished.

Notes
Turn   | Place    | Note
-------+----------+-------------------------------------------
     0 | D:1      | Torikoriko the Deep Dwarf Hunter began the quest for the
                  | Orb.
     0 | D:1      | Reached XP level 1. HP: 19/19 MP: 1/1
   238 | D:1      | Reached XP level 2. HP: 19/26 MP: 2/2
   681 | D:2      | Reached skill level 5 in Crossbows
   720 | D:2      | Reached XP level 3. HP: 10/32 MP: 3/3
   869 | D:2      | Noticed Robin
   878 | D:2      | Killed Robin
  1148 | D:3      | Reached XP level 4. HP: 28/40 MP: 4/4
  1155 | D:2      | Noticed Sigmund
  1232 | D:2      | Killed Sigmund
  1232 | D:2      | Reached skill level 6 in Crossbows
  1232 | D:2      | Reached XP level 5. HP: 30/49 MP: 5/5
  1335 | D:3      | Reached XP level 6. HP: 30/56 MP: 6/6
  1388 | D:3      | Found a glowing drain.
  1396 | Sewer    | Entered a sewer
  2766 | D:4      | Slain by an ogre

Skill      XL: |  1  2  3  4  5 |
---------------+----------------+-----
Fighting       | 2 3 |  3.3
Stealth        | 2 3 4 |  4.2
Crossbows      | 5 6 |  6.7
Dodging        | |  2.1

Action                   |  1- 3 |  4- 6 || total
-------------------------+-------+-------++-------
Melee: Short sword       |   135 |   324 ||   459
 Fire: Hand crossbow     |    39 |    53 ||    92
 Abil: Heal Wounds       |     1 |       ||     1
 Stab: Sleeping          |       |     1 ||     1
  Eat: Chunk             |     1 |     6 ||     7
Armor: Ring mail         |    51 |    86 ||   137
Dodge: Dodged            |    88 |   100 ||   188
